 Dungeon Crawl Stone Soup version 0.23.2-1-ga50397a (webtiles) character file.

Game seed: 9723898216620745654

820800 dvd the Conqueror (level 27, -1/267 (273) HPs)
             Began as a Minotaur Fighter on May 11, 2019.
             Was the Champion of Makhleb.
             Slain by a tormentor (3 damage)
             ... on level 4 of Gehenna on May 13, 2019.
             The game lasted 04:28:58 (66234 turns).

dvd the Conqueror (Minotaur Fighter)               Turns: 66234, Time: 04:28:59

HP:   -1/267 (273)  AC: 35    Str: 36    XL:     27
MP:   0/32          EV: 29    Int:  5    God:    Makhleb [******]
Gold: 9940          SH: 36    Dex: 26    Spells: 30/40 levels left

rFire    + + +     SeeInvis .   a - +10 war axe "Lasuven" {protect, Str+3 Int-4 Dex+3}
rCold    + . .     Gourm    .   R - +7 large shield of Ruijaf {MR+ Dex+3}
rNeg     + + .     Faith    .   X - +4 faerie dragon scales {rCorr Str+5}
rPois    +         Spirit   +   T - +2 hat {MR+}
rElec    +         Reflect  .   Q - +2 cloak {rC+}
rCorr    +         Harm     .   V - +2 pair of gloves of Qeunagab {rElec Dex+3}
MR       +++++     Clarity  +   g - +0 pair of boots of the Onion {rPois rF+ Int+2}
Stlth    +.........             z - amulet "Letejide" {Spirit +Inv rN+ Str+4}
HPRegen  0.54/turn              t - ring of the Lion {rN+ MR+ Int+3 Stlth-}
MPRegen  0.23/turn              H - ring of Lugonu's Scorn {+Fly rElec rF++}

@: protection aura, contaminated, glowing
A: retaliatory headbutt, horns 2, blink, clarity, dopey 1, weak 1
}: 6/15 runes: barnacled, slimy, silver, bone, abyssal, gossamer
a: Blink, Minor Destruction, Lesser Servant of Makhleb, Major Destruction,
Greater Servant of Makhleb, Renounce Religion, Evoke Invisibility, Evoke Flight


You were on level 4 of Gehenna.
You worshipped Makhleb.
Makhleb was exalted by your worship.
You were not hungry.

You visited 14 branches of the dungeon, and saw 65 of its levels.
You visited the Abyss 2 times.
You also visited: Trove, Sewer, Bailey and Ice Cave.

You collected 10803 gold pieces.
You spent 863 gold pieces at shops.

Inventory:

Hand Weapons
 a - the +10 war axe "Lasuven" (weapon) {protect, Str+3 Int-4 Dex+3}
   (Okawaru gifted it to you on level 1 of the Elven Halls)

   It protects the one who uses it against injury (+AC on strike).
   It affects your strength (+3).
   It affects your intelligence (-4).
   It affects your dexterity (+3).
 c - the +12 flail of the Bear {crush, rPois Dex+7 SInv Stlth-}
   (You found it on level 1 of the Orcish Mines)

   It inflicts extra damage upon your enemies.
   It affects your dexterity (+7).
   It protects you from poison.
   It lets you see invisible.
   It makes you less stealthy.
 C - a +8 broad axe of flaming
Missiles
 o - 24 silver javelins (quivered)
 y - 35 javelins of penetration
 E - 19 silver tomahawks
 S - 18 poisoned javelins
Armour
 e - a +2 pair of boots of flying
 g - the +0 pair of boots of the Onion (worn) {rPois rF+ Int+2}
   (Okawaru gifted it to you on level 5 of the Lair of Beasts)

   It affects your intelligence (+2).
   It protects you from fire.
   It protects you from poison.
 p - +10 storm dragon scales {Bai Suzhen}
 O - the +0 pair of fencer's gloves {Riposte Dex+3}
   (Okawaru gifted it to you on level 1 of the Shoals)

   It affects your dexterity (+3).
 Q - a +2 cloak of cold resistance (worn)
 R - the +7 large shield of Ruijaf (worn) {MR+ Dex+3}
   (Okawaru gifted it to you on level 6 of the Lair of Beasts)

   It affects your dexterity (+3).
   It affects your resistance to hostile enchantments.
 T - a +2 hat of magic resistance (worn)
 V - the +2 pair of gloves of Qeunagab (worn) {rElec Dex+3}
   (You found it on level 3 of the Elven Halls)

   It affects your dexterity (+3).
   It insulates you from electricity.
 X - the +4 faerie dragon scales (worn) {rCorr Str+5}
   (You took it off the Enchantress on level 3 of the Depths)

   It affects your strength (+5).
   It provides partial protection from all sources of acid and corrosion.
 Z - the +2 pair of gloves of the Butterfly {rN+ Int+7}
   (You took it off Nikola on level 2 of the Elven Halls)

   It affects your intelligence (+7).
   It protects you from negative energy.
Jewellery
 b - the brooch of Shielding {Reflect SH+8}
   (You took it off a deep elf mage on level 3 of the Elven Halls)

   [amulet of reflection]

   It shields you and reflects attacks.
   It affects your SH (+8).
 t - the ring of the Lion (left hand) {rN+ MR+ Int+3 Stlth-}
   (You found it on level 4 of the Vaults)

   [ring of intelligence]

   It affects your intelligence (+3).
   It protects you from negative energy.
   It affects your resistance to hostile enchantments.
   It makes you less stealthy.
 z - the amulet "Letejide" (around neck) {Spirit +Inv rN+ Str+4}
   (You found it on level 3 of the Crypt)

   [amulet of guardian spirit]

   It causes incoming damage to be split between your health and magic.
   It affects your strength (+4).
   It protects you from negative energy.
   It lets you turn invisible.
 H - the ring of Lugonu's Scorn (right hand) {+Fly rElec rF++}
   (You took it off a deep elf annihilator on level 3 of the Elven Halls)

   [ring of flight]

   It greatly protects you from fire.
   It insulates you from electricity.
   It lets you fly.
 J - the ring of Dyqosy {rF+ rC+ rN+}
   (You found it on level 3 of the Crypt)

   [ring of positive energy]

   It protects you from fire.
   It protects you from cold.
   It protects you from negative energy.
 Y - an uncursed ring of see invisible
Wands
 l - a wand of digging (3)
 n - a wand of disintegration (43)
 s - a wand of scattershot (5)
 u - a wand of flame (153)
 v - a wand of iceblast (70)
 x - a wand of clouds (5)
 W - a wand of acid (12)
Scrolls
 h - 6 scrolls of magic mapping
 i - 33 scrolls of identify
 m - 27 scrolls of remove curse
 q - 3 scrolls of holy word
 D - 24 scrolls of teleportation
 F - 6 scrolls of blinking
 G - 5 scrolls of summoning
 K - 8 scrolls of fear
 M - 7 scrolls of fog
Potions
 d - a potion of might
 j - 23 potions of curing
 k - 7 potions of haste
 r - 3 potions of agility
 w - 8 potions of ambrosia
 A - 5 potions of resistance
 B - 8 potions of cancellation
 I - 5 potions of invisibility
 L - 8 potions of heal wounds
 N - 4 potions of mutation
 P - a potion of magic
 U - 6 potions of flight
Comestibles
 f - 98 rations


   Skills:
 O Level 27 Fighting
 O Level 27 Axes
 + Level 7.0(19.6) Maces & Flails
   Level 0.9(18.7) Polearms
 + Level 14.5 Throwing
 * Level 24.2 Armour
 + Level 16.5 Dodging
 + Level 4.9 Stealth
 - Level 25.0 Shields
 + Level 1.4 Unarmed Combat
 + Level 7.0 Spellcasting
 + Level 6.1 Charms
 * Level 8.3 Summonings
 + Level 7.0 Necromancy
 + Level 5.7 Translocations
 * Level 11.2 Invocations
 + Level 0.9 Evocations


You had 30 spell levels left.
You knew the following spells:

 Your Spells              Type           Power        Failure   Level  Hunger
a - Regeneration          Chrm/Necr      #.........   5%          3    ###....
b - Blink                 Tloc           N/A          4%          2    ###....
c - Aura of Abjuration    Summ           ##........   26%         5    ######.

Your spell library contained the following spells:

 Spells                   Type           Power        Failure   Level  Hunger
 Animate Skeleton         Necr           N/A          1%          1    #......
 Pain                     Necr           #...         1%          1    #......
 Summon Butterflies       Summ           ##......     1%          1    #......
 Call Imp                 Summ           ##......     1%          2    ###....
 Infusion                 Chrm           #...         2%          1    #......
 Call Canine Familiar     Summ           ##......     2%          3    ###....
 Shroud of Golubria       Chrm/Tloc      #.........   3%          2    ###....
 Song of Slaying          Chrm           #.......     3%          2    ###....
 Vampiric Draining        Necr           #.........   4%          3    ###....
 Gell's Gravitas          Tloc           #.........   8%          3    ###....
 Swiftness                Chrm/Air       #.......     12%         2    ###....
 Summon Guardian Golem    Hex/Summ       #.......     16%         3    ###....
 Animate Dead             Necr           N/A          16%         4    #####..
 Ozocubu's Armour         Chrm/Ice       #.......     24%         3    ###....
 Spectral Weapon          Hex/Chrm       #.......     24%         3    ###....
 Portal Projectile        Hex/Tloc       #.....       26%         3    ###....
 Passage of Golubria      Tloc           N/A          26%         4    #####..
 Confusing Touch          Hex            #.....       28%         1    #......
 Corona                   Hex            #......      28%         1    #......
 Flame Tongue             Conj/Fire      #....        28%         1    #......
 Freeze                   Ice            #...         28%         1    #......
 Magic Dart               Conj           #...         28%         1    #......
 Shock                    Conj/Air       #...         28%         1    #......
 Sting                    Conj/Pois      #...         28%         1    #......
 Ensorcelled Hibernation  Hex/Ice        #.....       38%         2    ###....
 Passwall                 Tmut/Erth      #.......     38%         2    ###....
 Poisonous Vapours        Pois/Air       #.....       38%         2    ###....
 Slow                     Hex            #.......     38%         2    ###....
 Throw Flame              Conj/Fire      #.....       38%         2    ###....
 Throw Frost              Conj/Ice       #.....       38%         2    ###....
 Summon Ice Beast         Ice/Summ       #.......     45%         4    #####..
 Summon Lightning Spire   Summ/Air       #.......     45%         4    #####..
 Confuse                  Hex            #.......     63%         3    ###....
 Conjure Flame            Conj/Fire      #.......     63%         3    ###....
 Dazzling Spray           Conj/Hex       #.....       63%         3    ###....
 Ignite Poison            Fire/Tmut/Pois #.......     63%         3    ###....
 Inner Flame              Hex/Fire       #.......     63%         3    ###....
 Mephitic Cloud           Conj/Pois/Air  #.......     63%         3    ###....
 Static Discharge         Conj/Air       #.......     63%         3    ###....
 Stone Arrow              Conj/Erth      #.....       63%         3    ###....
 Tukima's Dance           Hex            #.......     63%         3    ###....
 Summon Mana Viper        Hex/Summ       #.......     80%         5    ######.
 Iskenderun's Battlesphe  Conj/Chrm      #.......     91%         5    ######.
 Airstrike                Air            #.........   95%         4    #####..
 Cause Fear               Hex            #.........   95%         4    #####..
 Leda's Liquefaction      Hex/Erth       #.........   95%         4    #####..
 Olgreb's Toxic Radiance  Pois           #.......     95%         4    #####..
 Petrify                  Tmut/Erth      #.......     95%         4    #####..
 Sticky Flame             Conj/Fire      #.......     95%         4    #####..
 Throw Icicle             Conj/Ice       #.......     95%         4    #####..
 Bolt of Magma            Conj/Fire/Erth #.........   100%        5    ######.
 Fireball                 Conj/Fire      #.........   100%        5    ######.
 Irradiate                Conj/Tmut      #.........   100%        5    ######.
 Lee's Rapid Deconstruct  Erth           #.........   100%        5    ######.
 Lightning Bolt           Conj/Air       #.........   100%        5    ######.
 Metabolic Englaciation   Hex/Ice        #.........   100%        5    ######.
 Silence                  Hex/Air        #.........   100%        5    ######.
 Venom Bolt               Conj/Pois      #.........   100%        5    ######.
 Yara's Violent Unravell  Hex/Tmut       #.........   100%        5    ######.
 Bolt of Fire             Conj/Fire      #.........   100%        6    #######
 Conjure Ball Lightning   Conj/Air       #.........   100%        6    #######
 Darkness                 Hex            #.........   100%        6    #######
 Deflect Missiles         Chrm/Air       #.........   100%        6    #######
 Freezing Cloud           Conj/Ice/Air   #.........   100%        6    #######
 Hydra Form               Tmut           #.........   100%        6    #######
 Invisibility             Hex            #.......     100%        6    #######
 Iron Shot                Conj/Erth      #.........   100%        6    #######
 Statue Form              Tmut/Erth      #........    100%        6    #######
 Dragon Form              Tmut           #.........   100%        7    #######
 Malign Gateway           Summ/Tloc      #.........   100%        7    #######
 Monstrous Menagerie      Summ           ##........   100%        7    #######
 Orb of Destruction       Conj           #.........   100%        7    #######
 Ring of Flames           Chrm/Fire      #.........   100%        7    #######
 Spellforged Servitor     Conj/Summ      #.........   100%        7    #######
 Summon Greater Demon     Summ           ##........   100%        7    #######
 Summon Hydra             Summ           ##........   100%        7    #######
 Ignition                 Fire           #.........   100%        8    #######
 Summon Horrible Things   Summ           ##........   100%        8    #######
 Shatter                  Erth           #.........   100%        9    #######
 Tornado                  Air            #.........   100%        9    #######


Dungeon Overview and Level Annotations

Branches:
Dungeon (15/15)            Temple (1/1) D:5            Lair (6/6) D:11
 Shoals (4/4) Lair:2       Spider (4/4) Lair:2        Slime (5/5) Lair:6
    Orc (2/2) D:11            Elf (3/3) Orc:2        Vaults (5/5) D:14
  Crypt (3/3) Vaults:2       Tomb (0/3) Crypt:3      Depths (5/5) D:15
   Hell (1/1)                 Dis (0/7) Hell            Geh (4/7) Hell
    Coc (0/7) Hell            Tar (7/7) Hell
    Zot: Depths:5

Altars:
Ashenzari
Cheibriados
Dithmenos
Elyvilon
Fedhas
Gozag
Hepliaklqana
Kikubaaqudgha
Makhleb
Nemelex Xobeh
Okawaru
Qazlal
Ru
Sif Muna
Trog
Uskayaw
Vehumet
Wu Jian
Xom
Yredelemnul
Zin
The Shining One
Beogh
Jiyva

Shops:
D:8 (   D:15 ***[   Orc:2 (%(!:%   Elf:2 =   Shoals:2 }!   Shoals:3 [
Vaults:4 ?   Depths:2 [*(

Portals:
Hell: Depths:1 Depths:2 Depths:4
Abyss: Depths:2 Depths:4
Pandemonium: Depths:2
Ziggurat: Depths:3


Innate Abilities, Weirdness & Mutations

You reflexively headbutt those who attack you in melee.
You have a pair of horns on your head.
You can translocate small distances at will.
You possess an exceptional clarity of mind.
You are dopey. (Int -2)
You are weak. (Str -2)


Message History

* * * LOW HITPOINT WARNING * * *
The ettin zombie completely misses you. You furiously retaliate!
You headbutt the ettin zombie, but do no damage.
You block the ettin zombie's attack. You block the red devil's attack.
You block the tormentor's attack. The tormentor closely misses you.
You block the ice dragon zombie's attack. x2
The ice dragon zombie tramples you.
* * * LOW HITPOINT WARNING * * *
The red devil hops backward while attacking.
The red devil hits you from afar with a +0 trident.
* * * LOW HITPOINT WARNING * * *
You barely miss the tormentor.
You headbutt the tormentor, but do no damage.
You slice the ettin zombie!!
You hit the ice dragon zombie but do no damage.
The ettin zombie hits you!
* * * LOW HITPOINT WARNING * * *
You block the ettin zombie's attack. The tormentor misses you.
The tormentor hits you.
You die...

####.........
#.............. #
###..............
..#................
.................
#...#...........
#..^#..4........
##.∩..†ZZ2......
#.......@.4.....
#..##+#..#......
#..# ##.# ..... ###
##.. ..≈§ ... ≈≈≈
....≈§≈ ...≈≈ §
..§§§


You could see a tormentor, 2 red devils, an ice dragon zombie and an ettin
zombie.

Vanquished Creatures
  the Royal Jelly (Slime:5)
  Ereshkigal (Tar:7)
  Dissolution (Slime:4)
  4 ancient liches
  A juggernaut (Depths:5)
  Mara (Shoals:4)
  Boris (4 times) (Vaults:3 Crypt:3 Depths:2 Depths:5)
  Saint Roka (Elf:2)
  Sojobo (Vaults:3)
  Bai Suzhen (Shoals:3)
  5 caustic shrikes (Depths:5)
  Geryon (Hell)
  5 golden dragons
  Jory (Crypt:2)
  The ghost of Sakikul the Severer, an adept MiFi of Cheibriados (Elf:2)
  Nikola (Elf:2)
  2 profane servitors
  the Enchantress (Depths:3)
  6 bone dragons
  11 doom hounds
  22 Tzitzimimeh
  3 Brimstone Fiends
  10 liches
  Jorgrun (D:13)
  4 tentacled monstrosities
  A Hell Sentinel (Abyss:1)
  Rupert (D:15)
  10 deep elf blademasters
  7 deep elf master archers
  21 acid blobs
  17 titans
  6 sphinxes
  Polyphemus (Shoals:4)
  Kirke (Lair:4)
  6 storm dragons
  A thorn hunter (Abyss:3)
  11 ancient champions
  Donald (Vaults:3)
  4 tentacled starspawn (Abyss:1)
  29 shadow dragons
  7 revenants
  12 tengu reavers
  17 azure jellies
  2 iron dragons (Hell)
  A balrug (Abyss:1)
  10 deep elf sorcerers
  17 frost giants
  15 vault wardens
  23 fire giants
  10 deep elf elementalists
  3 draconian scorchers
  5 curse skulls
  6 ghost moths
  7 emperor scorpions
  3 ghouls (Crypt:3)
  2 cacodemons
  30 stone giants
  11 ironheart preservers
  28 reapers
  18 very ugly things
  4 war gargoyles
  3 spriggan defenders (Depths:3)
  7 deep elf demonologists
  6 entropy weavers
  6 vampire knights
  6 green draconians
  7 deep elf annihilators
  5 purple draconians
  5 white draconians
  2 red draconians (Depths:5)
  2 dire elephants
  7 spark wasps
  10 ettins
  3 yellow draconians
  2 pearl dragon zombies (Crypt:3)
  15 deep elf death magi
  A blizzard demon (Abyss:1)
  6 merfolk impalers
  13 jiangshi
  3 merfolk javelineers (Shoals:4)
  5 eidola
  2 green deaths
  7 fire dragons
  The ghost of Renad the Quickloader, a journeyman OpHu of Okawaru (Lair:5)
  10 deep elf high priests
  A quicksilver dragon zombie (Tar:5)
  2 mummy priests (Crypt:3)
  Fannar (Lair:2)
  14 death oozes
  17 yaktaur captains
  10 great orbs of eyes
  A kraken zombie (Hell)
  39 vault guards
  A quicksilver dragon skeleton (Crypt:1)
  13 ice dragons
  7 rakshasas
  3 catoblepae
  An ice dragon (shapeshifter) (Vaults:4)
  3 hydras
  A hell beast (Hell)
  4 spriggan air magi
  3 merfolk avatars
  A ghost crab (Tar:4)
  8 merfolk aquamancers
  6 death knights
  8 centaur warriors
  14 ogre magi
  2 two-headed ogres (shapeshifter)
  8 deep troll earth magi
  3 satyrs
  45 two-headed ogres
  3 tengu warriors
  11 hell hogs
  11 deep troll shamans
  An alligator (Lair:5)
  11 orc high priests
  28 dancing weapons
  2 titan zombies
  9 vampire magi
  3 death yaks
  4 spriggan berserkers
  7 thrashing horrors
  23 small abominations
  23 soul eaters
  Urug (D:12)
  3 sun demons (Hell)
  31 deep elf knights
  A shock serpent (shapeshifter) (Vaults:5)
  2 storm dragon zombies
  2 iron golems (Hell)
  20 shadow wraiths
  An iron giant zombie (Crypt:1)
  15 hell knights
  7 wretched stars
  5 iron trolls
  An unseen horror (shapeshifter) (Vaults:4)
  110 skeletal warriors
  A sixfirhy (Abyss:1)
  3 spatial maelstroms
  4 storm dragon skeletons
  2 death drakes
  A ghost moth zombie (Geh:1)
  9 flayed ghosts
  26 sea snakes
  3 spriggan druids (Depths:3)
  5 unseen horrors
  2 swamp dragons (Lair:3)
  4 titan skeletons
  4 wizards
  21 shadow demons
  An orange crystal statue (Depths:1)
  12 large abominations
  4 golden dragon skeletons
  28 deep elf archers
  4 necromancers
  4 glowing orange brains
  19 harpies
  26 ironbrand convokers
  13 orc knights
  20 deep trolls
  2 shadow dragon zombies
  2 anaconda skeletons
  17 orb spiders
  19 phantasmal warriors
  2 fire giant zombies
  8 fauns
  3 wolf spider zombies
  6 orc sorcerers
  3 shadow dragon skeletons
  A frost giant zombie (Geh:1)
  22 wolf spiders
  91 deep elf magi
  7 shining eyes
  21 cyclopes
  25 ugly things
  9 manticores
  3 iron dragon skeletons
  3 elephants (Lair:6)
  6 worldbinders (Abyss:3)
  2 centaur zombies
  3 moths of wrath
  A sphinx skeleton (Vaults:5)
  2 naga magi (D:15)
  A shock serpent zombie (Tar:7)
  2 moths of wrath (shapeshifter) (Vaults:5)
  5 frost giant skeletons
  7 merfolk sirens
  6 fire giant skeletons
  9 rust devils
  8 black mambas
  2 guardian serpents (Depths:2)
  An ice statue (IceCv)
  An elephant (shapeshifter) (Vaults:5)
  6 orange demons
  3 storm dragon simulacra
  4 apis skeletons (Crypt:3)
  A gargoyle (D:14)
  16 spiny frogs
  4 stone giant skeletons
  9 vault sentinels
  8 water nymphs
  A dire elephant skeleton (Crypt:1)
  2 torpor snails
  2 eyes of devastation
  3 apocalypse crabs
  7 smoke demons
  An elephant slug zombie (Crypt:3)
  2 molten gargoyles
  An emperor scorpion zombie (Geh:1)
  2 grey draconian zombies
  8 hellions
  2 kobold demonologists (Depths:2)
  11 komodo dragons
  2 efreet
  A komodo dragon (shapeshifter) (Depths:3)
  10 ice devils
  4 rime drakes
  53 yaktaurs
  27 freezing wraiths
  An anaconda simulacrum (Hell)
  A redback zombie (D:15)
  7 hydra zombies
  9 red devils
  A hellwing (Abyss:1)
  9 tormentors
  5 silent spectres
  9 demonic crawlers
  A queen bee (Spider:3)
  2 guardian mummies (Crypt:3)
  A catoblepas skeleton (Tar:7)
  3 merfolk (shapeshifter) (Vaults:5)
  2 jumping spiders (shapeshifter)
  34 jumping spiders
  2 ancient zymes
  An iron troll skeleton (Crypt:2)
  15 trolls
  34 merfolk
  5 polar bears (Lair:6)
  A tengu simulacrum (Vaults:3)
  9 hornets
  A harpy skeleton (Tar:5)
  4 meliai
  2 tengu conjurers
  22 dream sheep
  2 wind drakes (shapeshifter)
  89 slime creatures
  7 wind drakes
  16 blink frogs
  A bog body (Crypt:3)
  A hippogriff (shapeshifter) (Depths:2)
  4 raiju
  7 snapping turtles
  63 flying skulls
  18 hippogriffs
  2 ettin zombies
  2 hydra skeletons
  2 ettin skeletons
  Sigmund (D:2)
  5 alligator skeletons
  An air elemental (Elf:3)
  10 shadows
  89 redbacks
  18 wraiths
  30 tarantellas
  A yak (shapeshifter) (Vaults:3)
  18 spriggans (Depths:3)
  19 water elementals
  10 hogs
  13 wyverns
  43 yaks
  2 vampires
  6 fire dragon skeletons
  2 ushabtiu (Crypt:3)
  A spriggan (shapeshifter) (Elf:1)
  6 ynoxinuls
  8 basilisks
  An ice dragon skeleton (Geh:3)
  17 fire elementals
  A neqoxec (Abyss:2)
  A black mamba skeleton (Crypt:1)
  A human (D:7)
  5 hungry ghosts
  7 golden eyes
  A steam dragon (D:9)
  7 chaos spawn
  4 spatial vortices
  15 wargs
  6 insubstantial wisps (Abyss:1)
  A swamp worm (shapeshifter) (Depths:4)
  A soldier ant (D:8)
  A soldier ant (shapeshifter) (Vaults:3)
  2 acid dragons
  9 water moccasins
  A deep troll skeleton (Crypt:3)
  A merfolk skeleton (Crypt:1)
  10 porcupines
  A spiny frog zombie (Hell)
  An infernal demonspawn skeleton (Crypt:1)
  33 hell hounds
  2 two-headed ogre skeletons
  54 orc warriors
  3 sky beasts
  A spiny frog skeleton (Tar:7)
  20 starcursed masses
  A snapping turtle zombie (Tar:7)
  6 eyes of draining
  17 necrophages
  2 swamp dragon zombies
  7 ice beasts
  2 boggarts (Depths:2)
  32 ogres
  7 phantoms
  2 snapping turtle skeletons (Crypt:1)
  A manticore zombie (Tar:6)
  40 wolves
  27 centaurs
  A swamp dragon skeleton (Tar:7)
  15 crocodiles
  5 manticore skeletons
  A fire crab zombie (Crypt:2)
  2 big kobolds
  An octopode zombie (Crypt:1)
  A big kobold (shapeshifter) (Abyss:1)
  17 bullfrogs
  An elf skeleton (Crypt:2)
  2 earth elementals
  A spiny frog simulacrum (Hell)
  A scorpion (shapeshifter) (Depths:2)
  A yak zombie (Crypt:1)
  6 scorpions
  An orc simulacrum (Vaults:1)
  A raiju zombie (Crypt:1)
  21 killer bees (Spider:3)
  An elephant simulacrum (IceCv)
  A troll skeleton (Tar:7)
  44 wights
  4 electric eels
  9 howler monkeys
  8 crimson imps
  4 draconian simulacra (IceCv)
  A bullfrog zombie (D:7)
  3 quasits
  2 iron imps
  2 jellies (D:7)
  A black bear zombie (Crypt:2)
  37 orc priests
  6 hounds
  19 orc wizards
  2 bullfrog skeletons (D:12)
  4 iguanas
  Jessica (D:3)
  3 centaur skeletons
  A porcupine zombie (Crypt:3)
  18 worker ants
  5 hell rats (Lair:2)
  3 spriggan simulacra (IceCv)
  13 human skeletons
  5 troll simulacra (IceCv)
  2 killer bee zombies
  3 wolf simulacra (IceCv)
  4 centaur simulacra (IceCv)
  A tengu zombie (Crypt:2)
  An ogre skeleton (Tar:7)
  A big kobold skeleton (Crypt:1)
  A hound zombie (D:7)
  2 hound skeletons (D:4)
  2 worker ant zombies
  18 adders
  3 gnolls (D:3)
  2 howler monkey skeletons
  2 naga simulacra (IceCv)
  3 ogre simulacra
  5 river rats (Sewer)
  A swamp drake zombie (Crypt:2)
  14 shadow imps
  12 white imps
  2 ufetubi
  2 oozes
  An adder zombie (Crypt:3)
  A lava snake skeleton (Crypt:1)
  3 adder skeletons
  4 worms (D:2)
  4 dart slugs
  2 leopard geckos
  133 orcs
  15 ball pythons
  4 bats
  8 giant cockroaches
  15 hobgoblins
  14 jackals
  7 quokkas
  A river rat zombie (Crypt:1)
  7 frilled lizards
  A frilled lizard zombie (Crypt:3)
  14 goblins
  A jackal zombie (D:7)
  45 kobolds
  2 leopard gecko skeletons
  An orc zombie (Tar:5)
  A quokka skeleton (D:2)
  31 rats
  2 butterflies (Lair:5)
  4 crawling corpses
  3 fungi
  A lurking horror (Abyss:3)
  18 plants
  5 starspawn tentacles
  A tentacle (Hell)
3563 creatures vanquished.

Vanquished Creatures (collateral kills)
  An orc (D:11)
1 creature vanquished.

Vanquished Creatures (others)
  A frost giant (Abyss:1)
  A fire giant (Depths:1)
  A stone giant (Vaults:3)
  A fire dragon (Depths:1)
  2 yaktaur captains (Vaults:3)
  3 deep elf knights
  2 shadow wraiths
  A skeletal warrior (Hell)
  A sea snake (Shoals:4)
  A deep elf archer (Elf:2)
  An orc knight (Vaults:4)
  A deep elf mage (Abyss:1)
  2 cyclopes (Vaults:1)
  A manticore (Shoals:4)
  6 yaktaurs
  2 ogres (Vaults:4)
  A centaur (Vaults:2)
  A white imp (IceCv)
  3 fungi
  14 plants
  14 starspawn tentacles
  7 tentacles (Hell)
67 creatures vanquished.

Grand Total: 3631 creatures vanquished

Notes
Turn   | Place    | Note
-------+----------+-------------------------------------------
     0 | D:1      | dvd the Minotaur Fighter began the quest for the Orb.
     0 | D:1      | Reached XP level 1. HP: 19/19 MP: 0/0
   129 | D:1      | Reached XP level 2. HP: 22/27 MP: 1/1
   364 | D:1      | Reached XP level 3. HP: 33/33 MP: 2/2
   434 | D:1      | Found a sparkling altar of Nemelex Xobeh.
   720 | D:2      | Reached XP level 4. HP: 27/40 MP: 3/3
   935 | D:2      | Noticed Sigmund
  1323 | D:2      | Killed Sigmund
  1323 | D:2      | Reached skill level 1 in Dodging
  1323 | D:2      | Reached XP level 5. HP: 30/47 MP: 4/4
  1323 | D:2      | Reached XP level 6. HP: 34/53 MP: 5/5
  1494 | D:3      | Noticed Jessica
  1505 | D:3      | Killed Jessica
  1571 | D:3      | Reached skill level 5 in Axes
  1571 | D:3      | Reached skill level 1 in Throwing
  1638 | D:3      | Found a shimmering altar of Xom.
  1646 | D:3      | Reached skill level 5 in Armour
  2257 | D:4      | Reached skill level 5 in Shields
  2287 | D:4      | Reached XP level 7. HP: 58/60 MP: 6/6
  2426 | D:4      | Reached skill level 5 in Fighting
  3062 | D:5      | Entered Level 5 of the Dungeon
  3099 | D:5      | Got a bloodstained leather armour
  3111 | D:5      | Identified the +1 leather armour "Zexuh" {*Corrode rElec
                  | rPois Slay+5} (You found it on level 5 of the Dungeon)
  3187 | D:5      | Found a glowing drain.
  3198 | D:5      | Reached XP level 8. HP: 53/70 MP: 7/7
  3252 | Sewer    | Entered a sewer
  3718 | D:5      | Found a staircase to the Ecumenical Temple.
  3728 | Temple   | Entered the Ecumenical Temple
  3744 | Temple   | Became a worshipper of Warmaster Okawaru
  4027 | D:5      | Found a blossoming altar of Fedhas.
  4172 | D:6      | Noticed a troll
  4180 | D:6      | Killed a troll
  4202 | D:6      | Found a deep blue altar of Sif Muna.
  4460 | D:6      | Reached XP level 9. HP: 79/79 MP: 8/8
  4503 | D:6      | Reached * piety under Okawaru
  5380 | D:7      | Reached skill level 10 in Axes
  5614 | D:7      | Reached skill level 5 in Dodging
  5763 | D:7      | Reached ** piety under Okawaru
  5771 | D:7      | Reached XP level 10. HP: 44/88 MP: 9/9
  6341 | D:8      | Reached skill level 1 in Stealth
  6410 | D:8      | Found Hoaf's Antique Weapon Boutique.
  6947 | D:8      | Reached *** piety under Okawaru
  7154 | D:9      | Noticed a two-headed ogre
  7161 | D:9      | Killed a two-headed ogre
  7336 | D:9      | Noticed a two-headed ogre
  7343 | D:9      | Killed a two-headed ogre
  7343 | D:9      | Reached **** piety under Okawaru
  7408 | D:9      | Learned a level 3 spell: Regeneration
  7678 | D:10     | Entered Level 10 of the Dungeon
  7890 | D:10     | Reached XP level 11. HP: 95/95 MP: 10/10
  7919 | D:10     | Noticed a two-headed ogre
  7926 | D:10     | Killed a two-headed ogre
  7926 | D:10     | Received a gift from Okawaru
  7926 | D:10     | Reached skill level 5 in Throwing
  7985 | D:10     | Got a pitted quarterstaff
  8291 | D:10     | Noticed a two-headed ogre
  8299 | D:10     | Killed a two-headed ogre
  8299 | D:10     | Reached ***** piety under Okawaru
  8299 | D:10     | Received a gift from Okawaru
  8708 | D:11     | Learned a level 2 spell: Blink
  8737 | D:11     | Found a staircase to the Lair.
  9038 | D:11     | Noticed a two-headed ogre
  9044 | D:11     | Killed a two-headed ogre
  9044 | D:11     | Received a gift from Okawaru
  9112 | D:11     | Reached skill level 10 in Shields
  9761 | D:11     | Found a roughly hewn altar of Beogh.
  9761 | D:11     | Found a staircase to the Orcish Mines.
  9862 | D:11     | Gained mutation: You are resistant to hostile enchantments.
                  | (MR+) [potion of mutation]
  9862 | D:11     | Lost mutation: You are resistant to hostile enchantments.
                  | (MR+) [potion of mutation]
  9862 | D:11     | Gained mutation: Your magical capacity is low. (-10% MP)
                  | [potion of mutation]
  9862 | D:11     | Gained mutation: Your flesh is heat resistant. (rF+)
                  | [potion of mutation]
  9997 | D:11     | Noticed an orc knight
 10276 | D:11     | Killed an orc knight
 10276 | D:11     | Received a gift from Okawaru
 10279 | D:11     | Got an iridescent hand axe {god gift}
 10280 | D:11     | Identified the +1 hand axe of Hoolyrgh {venom, +Rage rF-
                  | rC+ Int+3} (Okawaru gifted it to you on level 11 of the
                  | Dungeon)
 10320 | D:11     | Identified the cursed +2 quarterstaff of the Spectre
                  | {venom, rC+++ rN++ Int-4 Dex-3} (You found it on level 10
                  | of the Dungeon)
 10476 | D:11     | Killed an unseen horror
 10731 | Lair:1   | Entered Level 1 of the Lair of Beasts
 10735 | Lair:1   | Got a jewelled flail
 10736 | Lair:1   | Identified the +3 flail "Egir" {pain, rElec rF+} (You found
                  | it on level 1 of the Lair of Beasts)
 10880 | Lair:1   | Reached skill level 10 in Fighting
 10880 | Lair:1   | Reached XP level 12. HP: 103/106 MP: 10/10
 10941 | Lair:1   | Noticed a seven-headed hydra
 10950 | Lair:1   | Received a gift from Okawaru
 11406 | D:12     | Noticed Urug
 11421 | D:12     | Killed Urug
 11489 | D:12     | Noticed a two-headed ogre
 11502 | D:12     | Killed a two-headed ogre
 12229 | D:11     | Killed a seven-headed hydra
 13187 | Lair:2   | Noticed Fannar
 13201 | Lair:2   | Killed Fannar
 13201 | Lair:2   | Reached ****** piety under Okawaru
 13254 | Lair:2   | Received a gift from Okawaru
 13262 | Lair:2   | Reached XP level 13. HP: 88/116 MP: 11/11
 13321 | Lair:2   | Found a staircase to the Shoals.
 13331 | Lair:2   | Reached skill level 15 in Axes
 13357 | Lair:2   | Found a hole to the Spider Nest.
 14145 | Lair:3   | Found a transporter.
 14158 | Lair:3   | Found a transporter.
 14178 | Lair:3   | Reached skill level 1 in Invocations
 14655 | Lair:4   | Noticed Kirke
 14765 | Lair:4   | Noticed a sphinx
 14765 | Lair:4   | Killed Kirke
 14765 | Lair:4   | Received a gift from Okawaru
 15428 | Lair:5   | Reached skill level 1 in Unarmed Combat
 15440 | Lair:5   | Got a twisted spear
 15441 | Lair:5   | Identified the +6 spear of Eternal War {protect, *Corrode
                  | rN+ Str+4 Int+2} (You found it on level 5 of the Lair of
                  | Beasts)
 15713 | Lair:5   | Found a transporter.
 15716 | Lair:5   | Found a transporter.
 15716 | Lair:5   | Noticed Renad's ghost (journeyman OpHu)
 15733 | Lair:5   | Received a gift from Okawaru
 15746 | Lair:5   | Reached skill level 10 in Dodging
 15911 | Lair:5   | Received a gift from Okawaru
 15912 | Lair:5   | Got a pair of faintly humming boots {god gift}
 15930 | Lair:5   | Reached XP level 14. HP: 67/126 MP: 12/12
 15973 | Lair:5   | Identified the +0 pair of boots of the Onion {rPois rF+
                  | Int+2} (Okawaru gifted it to you on level 5 of the Lair of
                  | Beasts)
 16620 | Lair:6   | Entered Level 6 of the Lair of Beasts
 17418 | Lair:6   | Received a gift from Okawaru
 17422 | Lair:6   | Got a twisted large shield {god gift}
 17433 | Lair:6   | Identified the +7 large shield of Ruijaf {MR+ Dex+3}
                  | (Okawaru gifted it to you on level 6 of the Lair of Beasts)
 17944 | Lair:6   | Found a staircase to the Slime Pits.
 17945 | Lair:6   | Found a viscous altar of Jiyva.
 18223 | Orc:1    | Entered Level 1 of the Orcish Mines
 18230 | Orc:1    | You fall through a shaft!
 18230 | Orc:2    | Entered Level 2 of the Orcish Mines
 18273 | Orc:2    | Found a bloodstained altar of Trog.
 18335 | Orc:1    | Found a frozen archway.
 18396 | IceCv    | Entered an ice cave
 18722 | IceCv    | Found an ancient bone altar of Kikubaaqudgha.
 20314 | Orc:1    | Noticed a fire giant
 20333 | Orc:1    | Killed a fire giant
 20333 | Orc:1    | Reached XP level 15. HP: 87/136 MP: 11/13
 20340 | Orc:1    | Received a gift from Okawaru
 20556 | Orc:1    | Got a fine hand axe
 20560 | Orc:1    | Got a twisted hand axe
 20564 | Orc:1    | Got a dazzling flail
 20565 | Orc:1    | Identified the +12 flail of the Bear {crush, rPois Dex+7
                  | SInv Stlth-} (You found it on level 1 of the Orcish Mines)
 20566 | Orc:1    | Identified the +5 hand axe of Regicide {chop, rPois rN+
                  | Str+3 Int-4} (You found it on level 1 of the Orcish Mines)
 20567 | Orc:1    | Identified the +6 hand axe of Due Proportion {flame, *Noise
                  | rF+ Int+3} (You found it on level 1 of the Orcish Mines)
 20572 | Orc:1    | Got a crude whip
 20573 | Orc:1    | Identified the +5 whip of Cosacub {vamp, *Slow +Fly rN++
                  | Stlth+} (You found it on level 1 of the Orcish Mines)
 20693 | Orc:2    | Found a staircase to the Elven Halls.
 20700 | Orc:2    | Found Cesmejoh's Food Shop.
 21060 | Orc:2    | Found Xezopim's Weapon Shop.
 21170 | Orc:2    | Found Xegaopsu's Distillery.
 21510 | Orc:2    | Found a roughly hewn altar of Beogh.
 21746 | Orc:2    | Found Wusanoim's Book Boutique.
 21870 | Orc:2    | Found Daer's Antique Weapon Shop.
 21893 | Orc:2    | Found Pokk's Food Shoppe.
 22279 | D:13     | Paralysed by a hornet for 1 turns
 22536 | D:13     | Noticed Jorgrun
 22567 | D:13     | Killed Jorgrun
 23169 | D:14     | Found a flagged portal.
 23368 | Bailey   | Entered a bailey
 23552 | Bailey   | Got a scorched broad axe
 23553 | Bailey   | Identified the cursed +1 broad axe "Potintuh" {drain, -Tele
                  | Dex+6} (You found it in a bailey)
 24064 | D:14     | Received a gift from Okawaru
 24096 | D:14     | Found a gate to the Vaults.
 24475 | D:15     | Entered Level 15 of the Dungeon
 24497 | D:15     | Noticed Rupert
 24514 | D:15     | Killed Rupert
 24514 | D:15     | Reached skill level 15 in Shields
 24590 | D:15     | Found Wosmafal's Assorted Antiques.
 24619 | D:15     | Bought a pitted scale mail for 234 gold pieces
 24619 | D:15     | Identified the cursed +0 scale mail "Witiciot" {*Corrode
                  | MP+9 Int+9 Dex+3} (You bought it in a shop on level 15 of
                  | the Dungeon)
 24641 | D:15     | Found a shadowy altar of Dithmenos.
 24669 | D:15     | Found Jerphum's Armour Boutique.
 24943 | D:15     | Found a staircase to the Depths.
 25133 | D:15     | Found Jugiegou's General Store.
 25370 | D:15     | Found Gucsail's General Store.
 25380 | D:15     | Bought a scroll of enchant armour for 135 gold pieces
 25380 | D:15     | Bought a +0 pair of gloves of dexterity for 207 gold pieces
 25704 | Spider:1 | Entered Level 1 of the Spider Nest
 25880 | Spider:1 | Reached XP level 16. HP: 137/147 MP: 14/14
 25918 | Spider:1 | Reached skill level 10 in Armour
 26017 | Spider:1 | Received a gift from Okawaru
 26464 | Spider:1 | Received a gift from Okawaru
 26467 | Spider:1 | Got a faintly humming cloak {god gift}
 26500 | Spider:1 | Identified the +0 cloak of Dramatic Exits {rF+ Str+2}
                  | (Okawaru gifted it to you on level 1 of the Spider Nest)
 27259 | Spider:2 | Reached skill level 10 in Throwing
 27882 | Spider:3 | Reached skill level 1 in Maces & Flails
 27886 | Spider:3 | Reached skill level 15 in Fighting
 28796 | Spider:3 | Received a gift from Okawaru
 29109 | Spider:4 | Entered Level 4 of the Spider Nest
 29141 | Spider:3 | Received a gift from Okawaru
 29768 | Spider:4 | Reached XP level 17. HP: 156/156 MP: 15/15
 30549 | Spider:4 | Received a gift from Okawaru
 30615 | Spider:4 | Got a gossamer rune of Zot
 30762 | Shoals:1 | Entered Level 1 of the Shoals
 30964 | Shoals:1 | Received a gift from Okawaru
 30965 | Shoals:1 | Found the +0 pair of fencer's gloves {Riposte Dex+3}
 31424 | Shoals:1 | Identified a scroll of acquirement
 31425 | Shoals:1 | Got a vibrating brass amulet
 31427 | Shoals:1 | Identified the amulet "Plog" {Faith rElec rPois MR- Str+7}
                  | (You acquired it on level 1 of the Shoals)
 31597 | Shoals:2 | Found Hoenout's Gadget Shop.
 31616 | Shoals:2 | Reached skill level 1 in Translocations
 31638 | Shoals:2 | Reached skill level 1 in Spellcasting
 31726 | Shoals:2 | Found Daoqaqaiw's Distillery.
 32115 | Shoals:3 | Reached skill level 1 in Charms
 32116 | Shoals:3 | Reached skill level 1 in Necromancy
 32117 | Shoals:3 | Received a gift from Okawaru
 32132 | Shoals:3 | Received a gift from Okawaru
 32155 | Shoals:3 | Received a gift from Okawaru
 32156 | Shoals:3 | Got a crude mace {god gift}
 32174 | Shoals:3 | Reached XP level 18. HP: 45/166 MP: 8/18
 32531 | Shoals:3 | Identified the +10 mace "Mushutt" {vamp, rPois MR+}
                  | (Okawaru gifted it to you on level 3 of the Shoals)
 32984 | Shoals:3 | Found Ciump's Antique Armour Shoppe.
 32994 | Shoals:3 | Bought an embroidered hat for 287 gold pieces
 33064 | Shoals:4 | Entered Level 4 of the Shoals
 33159 | Shoals:4 | Noticed Bai Suzhen
 33178 | Shoals:4 | Noticed Mara
 33510 | Shoals:3 | Killed Bai Suzhen
 33595 | Shoals:4 | Noticed dvd's illusion
 33596 | Shoals:4 | Killed Mara
 33632 | Shoals:4 | Identified the +0 leather armour "Piurischodu" {rC+ Str+2}
 33748 | Shoals:4 | Noticed Polyphemus
 33770 | Shoals:4 | Killed Polyphemus
 33770 | Shoals:4 | Received a gift from Okawaru
 34421 | Shoals:4 | Got a barnacled rune of Zot
 34787 | Elf:1    | Entered Level 1 of the Elven Halls
 34795 | Elf:1    | Received a gift from Okawaru
 34859 | Elf:1    | Received a gift from Okawaru
 34877 | Elf:1    | Got a transparent war axe {god gift}
 34878 | Elf:1    | Identified the +10 war axe "Lasuven" {protect, Str+3 Int-4
                  | Dex+3} (Okawaru gifted it to you on level 1 of the Elven
                  | Halls)
 35867 | Elf:2    | Reached XP level 19. HP: 156/172 MP: 21/21
 35938 | Elf:2    | Identified the +2 pair of gloves of the Butterfly {rN+
                  | Int+7}
 35938 | Elf:2    | Noticed Nikola
 35972 | Elf:2    | Killed Nikola
 35972 | Elf:2    | Received a gift from Okawaru
 36039 | Elf:2    | Got a shimmering jade ring
 36041 | Elf:2    | Identified the ring of Ropp {rC+ Int+5 Slay-5 SInv} (You
                  | acquired it on level 2 of the Elven Halls)
 36081 | Elf:2    | Found Qiocracomp's Jewellery Emporium.
 36236 | Elf:2    | Found a runed translucent door.
 36281 | Elf:2    | Noticed Sakikul's ghost (adept MiFi)
 36316 | Elf:2    | Killed Sakikul's ghost
 36420 | Elf:2    | Found a huge runed translucent gate.
 36420 | Elf:2    | Found a huge runed translucent gate.
 36421 | Elf:2    | Found a huge runed translucent gate.
 36423 | Elf:2    | Found a huge runed translucent gate.
 36423 | Elf:2    | Found a huge runed translucent gate.
 36732 | Elf:2    | Noticed Saint Roka
 36754 | Elf:2    | Killed Saint Roka
 37110 | Elf:3    | Entered Level 3 of the Elven Halls
 37276 | Elf:3    | Received a gift from Okawaru
 37398 | Elf:3    | Noticed a Brimstone Fiend
 37617 | Elf:3    | Received a gift from Okawaru
 37623 | Elf:3    | Reached skill level 5 in Translocations
 37644 | Elf:3    | Reached XP level 20. HP: 133/182 MP: 23/23
 37650 | Elf:3    | Reached skill level 5 in Spellcasting
 37871 | Elf:3    | Cast into level 3 of the Abyss (a deep elf demonologist)
 37909 | Elf:3    | Escaped the Abyss
 37969 | Elf:3    | Identified the Incunabulum of Supportive Stones
 38036 | Elf:3    | Reached skill level 5 in Necromancy
 38042 | Elf:3    | Identified the +3 leather armour of the Earth {rElec Str+2}
 38436 | Elf:3    | Received a gift from Okawaru
 38462 | Elf:3    | Identified the cursed +0 rapier of Pusiugho {drain, rElec
                  | rC- Str+3 Int+3}
 38462 | Elf:3    | Identified the ring of Lugonu's Scorn {+Fly rElec rF++}
 38490 | Elf:3    | Reached skill level 5 in Charms
 38499 | Elf:3    | Received a gift from Okawaru
 39017 | Elf:3    | Identified the +2 pair of gloves of Qeunagab {rElec Dex+3}
                  | (You found it on level 3 of the Elven Halls)
 39084 | Elf:3    | Identified the cursed +2 mace of the Manifold Places
                  | {crush, *Rage rPois Int+3} (You found it on level 3 of the
                  | Elven Halls)
 39415 | Vaults:1 | Entered Level 1 of the Vaults
 40338 | Vaults:1 | Reached skill level 15 in Armour
 41207 | Vaults:2 | Found a staircase to the Crypt.
 41214 | Vaults:2 | Received a gift from Okawaru
 41403 | Vaults:2 | Reached XP level 21. HP: 137/193 MP: 25/25
 42280 | Vaults:3 | Received a gift from Okawaru
 42389 | Vaults:3 | Noticed Boris
 42401 | Vaults:3 | Killed Boris
 42429 | Vaults:3 | Noticed Donald
 42447 | Vaults:3 | Killed Donald
 42607 | Vaults:3 | Identified the +6 quick blade "Leptelum" {venom, rF+ Int+2
                  | Dex-5} (You found it on level 3 of the Vaults)
 42638 | Vaults:3 | You fall through a shaft!
 42977 | Vaults:3 | Noticed Sojobo
 43002 | Vaults:3 | Killed Sojobo
 43184 | Vaults:3 | Got a clouded steel ring
 43186 | Vaults:3 | Identified the ring "Jamiq" {Ice rElec Str+4 Stlth+} (You
                  | found it on level 3 of the Vaults)
 43372 | Vaults:3 | Found a portal to a secret trove of treasure.
 43728 | Vaults:4 | Received a gift from Okawaru
 43819 | Vaults:4 | Received a gift from Okawaru
 43836 | Vaults:4 | Noticed a golden dragon
 43862 | Vaults:4 | Killed a golden dragon
 43862 | Vaults:4 | Received a gift from Okawaru
 43886 | Vaults:4 | Reached XP level 22. HP: 162/207 MP: 26/26
 44047 | Vaults:4 | Found the ring of the Octopus King
 44058 | Vaults:4 | Identified the ring of the Lion {rN+ MR+ Int+3 Stlth-} (You
                  | found it on level 4 of the Vaults)
 44072 | Vaults:4 | Identified the +1 scale mail "Unos" {+Blink MP-9 Str+5}
                  | (You found it on level 4 of the Vaults)
 44077 | Vaults:4 | Got a ring of the Octopus King
 44079 | Vaults:4 | Identified a ring of the Octopus King {rN+ AC+1 EV+1 Str+1
                  | Int+1 Dex+1} (You found it on level 4 of the Vaults)
 44700 | Vaults:4 | Found Ycuff's Magic Scroll Shop.
 44911 | Vaults:4 | Received a gift from Okawaru
 44999 | Vaults:4 | Identified the +4 ring mail "Orulluh" {MR+ Int+2 Slay+3}
                  | (You found it on level 4 of the Vaults)
 45732 | Lair:5   | Killed Renad's ghost
 46009 | Crypt:1  | Entered Level 1 of the Crypt
 46418 | Crypt:1  | Reached XP level 23. HP: 217/217 MP: 27/27
 46556 | Crypt:1  | Found the +2 cloak of the Thief {+Fog Slay-2 SInv Stlth+}
 46795 | Crypt:1  | Received a gift from Okawaru
 47256 | Crypt:1  | Got a steaming graven amulet
 47257 | Crypt:1  | Identified the amulet of Eternal Night {Spirit rF++} (You
                  | acquired it on level 1 of the Crypt)
 47623 | Crypt:2  | Noticed Jory
 47636 | Crypt:2  | Killed Jory
 48326 | Crypt:3  | Entered Level 3 of the Crypt
 48330 | Crypt:3  | Noticed Boris
 48349 | Crypt:3  | Killed Boris
 48349 | Crypt:3  | Reached XP level 24. HP: 178/228 MP: 27/27
 49241 | Crypt:3  | Found an ancient bone altar of Kikubaaqudgha.
 49244 | Crypt:3  | Found a basalt altar of Yredelemnul.
 49248 | Crypt:3  | Received a gift from Okawaru
 49316 | Crypt:3  | Got a slimy lead ring
 49318 | Crypt:3  | Identified the ring of Tehouh {rN+ Int+4} (You found it on
                  | level 3 of the Crypt)
 49328 | Crypt:3  | Identified the ring of Jarchi Vixt {rPois rN+ MP+9 Int-3}
                  | (You found it on level 3 of the Crypt)
 49329 | Crypt:3  | Identified the ring of Dyqosy {rF+ rC+ rN+} (You found it
                  | on level 3 of the Crypt)
 49338 | Crypt:3  | Identified the +10 mace "Axzua" {crush, rC+ Dex+3 SInv}
                  | (You found it on level 3 of the Crypt)
 49818 | Crypt:3  | Found a basalt altar of Yredelemnul.
 49913 | Crypt:3  | Found a staircase to the Tomb.
 50047 | Crypt:3  | Identified the amulet "Letejide" {Spirit +Inv rN+ Str+4}
                  | (You found it on level 3 of the Crypt)
 50436 | Vaults:5 | Entered Level 5 of the Vaults
 50508 | Vaults:5 | Noticed an ancient lich
 50516 | Vaults:5 | Killed an ancient lich
 50516 | Vaults:5 | Reached XP level 25. HP: 150/239 MP: 13/27
 50520 | Vaults:5 | Received a gift from Okawaru
 50662 | Vaults:5 | Received a gift from Okawaru
 50673 | Vaults:5 | Identified the +4 chain mail of the Game of Life {rF- rN+++
                  | MP+9} (Okawaru gifted it to you on level 5 of the Vaults)
 50850 | Vaults:5 | Identified the +5 eveningstar "Hubboiky" {venom, MR+ MP+9}
                  | (You found it on level 5 of the Vaults)
 51151 | Vaults:5 | Got a silver rune of Zot
 51201 | Vaults:5 | Noticed an ancient lich
 51216 | Vaults:5 | Killed an ancient lich
 51531 | Vaults:5 | Identified the cursed +0 scale mail "Ewnatz" {rCorr} (You
                  | found it on level 5 of the Vaults)
 52481 | Temple   | Fell from the grace of Okawaru
 52481 | Temple   | Became a worshipper of Makhleb the Destroyer
 52742 | Depths:1 | Entered Level 1 of the Depths
 52790 | Depths:1 | Reached * piety under Makhleb
 52986 | Depths:1 | Reached ** piety under Makhleb
 53170 | Depths:1 | Found a gateway to Hell.
 53196 | Depths:1 | Reached XP level 26. HP: 249/249 MP: 27/27
 53255 | Depths:1 | Found a glowing golden altar of the Shining One.
 53682 | Depths:2 | Found Gozag's Antique Weapon Shop.
 53685 | Depths:2 | Found an opulent altar of Gozag.
 53690 | Depths:2 | Noticed Boris
 53720 | Depths:2 | Killed Boris
 53720 | Depths:2 | Reached *** piety under Makhleb
 53723 | Depths:2 | Found Gozag's Assorted Antiques.
 53726 | Depths:2 | Found Gozag's Antique Armour Boutique.
 53759 | Depths:2 | Reached skill level 5 in Maces & Flails
 54203 | Depths:2 | Reached **** piety under Makhleb
 54230 | Depths:2 | Found a one-way gate leading to the halls of Pandemonium.
 54233 | Depths:2 | Found a one-way gate to the infinite horrors of the Abyss.
 54329 | Depths:2 | Found a deep blue altar of Sif Muna.
 54835 | Depths:2 | Voluntarily entered the Abyss.
 54839 | Abyss:1  | Found a corrupted altar of Lugonu.
 55395 | Abyss:1  | Reached ***** piety under Makhleb
 55489 | Abyss:1  | Found a burning altar of Makhleb.
 55631 | Abyss:1  | Paralysed by accursed screaming for 1 turns
 56167 | Abyss:3  | Found a hide-covered altar of Uskayaw.
 56363 | Abyss:3  | Got an abyssal rune of Zot
 56500 | Abyss:3  | Reached ****** piety under Makhleb
 56737 | Depths:2 | Escaped the Abyss
 56841 | Depths:3 | Found a gateway to a ziggurat.
 56842 | Depths:3 | You fall through a shaft for 2 floors!
 56842 | Depths:5 | Entered Level 5 of the Depths
 56851 | Depths:5 | Noticed a juggernaut
 56868 | Depths:5 | Killed a juggernaut
 56886 | Depths:5 | Noticed Boris
 56901 | Depths:5 | Killed Boris
 56908 | Depths:5 | Reached XP level 27. HP: 256/264 MP: 18/27
 58489 | Vaults:3 | You showed the abyssal rune of Zot to enter a treasure
                  | trove
 58490 | Trove    | Entered a treasure trove
 58537 | Vaults:3 | Was forgiven by Okawaru
 58909 | Depths:3 | Identified the cursed +1 chain mail "Fytituy" {rPois} (You
                  | found it on level 3 of the Depths)
 58928 | Depths:3 | Identified the +4 faerie dragon scales {rCorr Str+5}
 58928 | Depths:3 | Noticed the Enchantress
 58931 | Depths:3 | Identified the +1 giant club "Demonslayer" {freeze, Str+2
                  | Dex+4}
 58931 | Depths:3 | Identified the cursed +9 giant club "Killer Klown's Death"
                  | {freeze, *Corrode rN++ Str+5}
 58945 | Depths:3 | Killed the Enchantress
 59670 | Slime:1  | Entered Level 1 of the Pits of Slime
 59765 | Slime:1  | Gained mutation: You have sharp toenails. [a shining eye]
 59885 | Slime:2  | Gained mutation: You are dopey. (Int -2) [a shining eye]
 59887 | Slime:2  | Gained mutation: You are occasionally teleported next to
                  | monsters. [a shining eye]
 59966 | Slime:4  | Noticed Dissolution
 59981 | Slime:4  | Killed Dissolution
 60027 | Slime:5  | Entered Level 5 of the Pits of Slime
 60152 | Slime:5  | Noticed the Royal Jelly
 60497 | Slime:5  | Killed the Royal Jelly
 60895 | Slime:5  | Identified the amulet of Nemelex Xobeh's Scorn {Spirit rC+}
                  | (You found it on level 5 of the Pits of Slime)
 60939 | Slime:5  | Identified the +6 hand axe "Maat" {flame, rF++ rC+ Dex+5}
                  | (You found it on level 5 of the Pits of Slime)
 60996 | Slime:5  | Identified the +5 hand axe of Kiweurihe {pain, MP+9} (You
                  | found it on level 5 of the Pits of Slime)
 61007 | Slime:5  | Got a slimy rune of Zot
 61187 | Lair:6   | Lost mutation: You are occasionally teleported next to
                  | monsters. [potion of mutation]
 61187 | Lair:6   | Lost mutation: Your flesh is heat resistant. (rF+) [potion
                  | of mutation]
 61187 | Lair:6   | Lost mutation: You have sharp toenails. [potion of
                  | mutation]
 61187 | Lair:6   | Gained mutation: You are weak. (Str -2) [potion of
                  | mutation]
 61187 | Lair:6   | Gained mutation: You possess an exceptional clarity of
                  | mind. [potion of mutation]
 61187 | Lair:6   | Lost mutation: Your magical capacity is low. (-10% MP)
                  | [potion of mutation]
 61187 | Lair:6   | Gained mutation: You can translocate small distances at
                  | will. [potion of mutation]
 61482 | Hell     | Entered the Vestibule of Hell
 61482 | Hell     | Noticed Geryon
 61501 | Hell     | Killed Geryon
 61563 | Hell     | Learned a level 5 spell: Aura of Abjuration
 61581 | Hell     | Found a gateway to the freezing wastes of Cocytus.
 61753 | Hell     | Reached skill level 1 in Summonings
 61825 | Hell     | Found a gateway to the Iron City of Dis.
 61887 | Hell     | Found a gateway to the ashen valley of Gehenna.
 62104 | Hell     | Found a gateway to the decaying netherworld of Tartarus.
 62331 | Tar:1    | Entered Level 1 of Tartarus
 62368 | Tar:1    | Reached skill level 5 in Invocations
 63409 | Tar:6    | Reached skill level 27 in Fighting
 63714 | Tar:7    | Entered Level 7 of Tartarus
 63956 | Tar:7    | Noticed Ereshkigal
 63972 | Tar:7    | Reached skill level 5 in Summonings
 64014 | Tar:7    | Killed Ereshkigal
 64014 | Tar:7    | Reached skill level 27 in Axes
 64161 | Tar:7    | Reached skill level 15 in Dodging
 64287 | Tar:7    | Got a bone rune of Zot
 64578 | Tar:7    | Noticed an ancient lich
 64578 | Tar:7    | Noticed an ancient lich
 64588 | Tar:7    | Killed an ancient lich
 64591 | Tar:7    | Killed an ancient lich
 64617 | Tar:7    | Reached skill level 10 in Invocations
 64689 | Tar:7    | Found the +3 salamander hide armour {+Rage rF++}
 64925 | Tar:7    | Got a clouded golden ring
 64927 | Tar:7    | Identified the ring of Nalehimo {Wiz Dex+3} (You found it
                  | on level 7 of Tartarus)
 65512 | Tar:7    | Identified the +9 short sword "Tadees" {venom, +Fly Str+6}
                  | (You found it on level 7 of Tartarus)
 65873 | Geh:1    | Entered Level 1 of Gehenna
 66234 | Geh:4    | HP: 2/267 [ettin zombie (14)]
 66234 | Geh:4    | Slain by a tormentor

Skill      XL: |  1  2  3  4  5  6  7  8  9 10 11 12 13 14 15 16 17 18 19 20 21 22 23 24 25 26 27 |
---------------+----------------------------------------------------------------------------------+-----
Shields        | 4 5 6 7 9 10 11 12 13 15 17 18 19 20 21 22 23 24 25 | 25.0
Armour         | 4 5 6 7 9 11 13 14 15 16 17 19 20 24 | 24.2
Fighting       | 4 5 7 8 10 11 12 13 14 15 16 17 19 20 21 22 23 24 27 | 27.0
Axes           | 3 4 5 6 9 11 12 13 14 16 17 18 19 20 21 22 23 24 27 | 27.0
Dodging        | 1 2 4 5 6 7 9 10 11 12 16 | 16.5
Throwing       | 1 3 4 6 7 8 9 10 11 12 13 14 | 14.5
Stealth        | 1 2 3 4 |  4.9
Invocations    | 1 2 3 11 | 11.2
Unarmed Combat | 1 |  1.4
Maces & Flails | 2 3 4 7 |  7.0
Translocations | 1 3 5 |  5.7
Spellcasting   | 2 3 4 5 6 7 |  7.0
Charms         | 1 3 4 5 6 |  6.1
Necromancy     | 1 3 4 5 6 7 |  7.0
Summonings     | 8 |  8.3
Polearms       | |  0.9
Evocations     | |  0.9

Action                   |  1- 3 |  4- 6 |  7- 9 | 10-12 | 13-15 | 16-18 | 19-21 | 22-24 | 25-27 || total
-------------------------+-------+-------+-------+-------+-------+-------+-------+-------+-------++-------
Melee: War axe           |    74 |   127 |   344 |   461 |   635 |   120 |  1064 |   974 |  3536 ||  7335
       Headbutt          |     9 |    24 |    88 |    96 |   308 |   456 |   410 |   428 |  1613 ||  3432
       Eveningstar       |       |       |       |     2 |       |       |       |       |       ||     2
       Unarmed           |       |       |       |       |    14 |       |       |       |       ||    14
       Spear             |       |       |       |       |     5 |       |       |       |       ||     5
       Broad axe         |       |       |       |       |   442 |  1128 |       |     6 |       ||  1576
       Flail             |       |       |       |       |       |    52 |    61 |    18 |   143 ||   274
Throw: Tomahawk          |     6 |     6 |    33 |    32 |    48 |   159 |       |       |    27 ||   311
       Javelin           |       |       |       |    90 |   117 |   142 |   290 |   132 |   215 ||   986
 Cast: Blink             |       |       |       |       |     5 |       |       |       |       ||     5
       Regeneration      |       |       |       |       |       |     2 |     5 |    21 |    53 ||    81
Invok: Heroism           |       |       |       |     6 |    17 |    22 |    17 |    15 |     3 ||    80
       Finesse           |       |       |       |       |     1 |     2 |       |     2 |       ||     5
Evoke: Wand              |       |       |       |     4 |     3 |     2 |       |       |     1 ||    10
  Use: Scroll            |       |       |     3 |    15 |    15 |    15 |    17 |    13 |    21 ||    99
       Potion            |       |       |       |    12 |     9 |     9 |     4 |     5 |    12 ||    51
 Stab: Sleeping          |       |       |       |     1 |     5 |     1 |       |       |     3 ||    10
       Invisible         |       |       |       |     1 |       |       |       |       |       ||     1
       Distracted        |       |       |       |     1 |       |     1 |     1 |     1 |     3 ||     7
       Fleeing           |       |       |       |       |       |     1 |       |       |       ||     1
  Eat: Chunk             |       |     5 |    11 |    24 |    33 |    29 |    28 |     9 |    27 ||   166
       Ration            |       |       |       |       |     3 |     1 |       |     5 |    11 ||    20
Armor: Scale mail        |    39 |    58 |    26 |       |       |   185 |       |       |       ||   308
       Leather armour    |       |       |    64 |   129 |    40 |       |       |       |       ||   233
       Skin              |       |       |       |     4 |       |       |       |       |       ||     4
       Plate armour      |       |       |       |       |   201 |       |    88 |     4 |       ||   293
       Gold dragon scale |       |       |       |       |    14 |   130 |       |       |       ||   144
       Storm dragon scal |       |       |       |       |       |    43 |   115 |   193 |   740 ||  1091
       Acid dragon scale |       |       |       |       |       |       |       |       |   130 ||   130
Dodge: Dodged            |    35 |    47 |   125 |   242 |   418 |   615 |   256 |   238 |  1400 ||  3376
Block: Shield            |    33 |    69 |   171 |   177 |   222 |       |       |       |       ||   672
       Large shield      |       |       |       |   229 |   848 |  2012 |  1512 |  1460 |  5146 || 11207
       Reflection        |       |       |       |       |       |       |    96 |    11 |       ||   107
       Rpst.: Broad axe  |       |       |       |       |       |    30 |       |       |       ||    30
       War axe           |       |       |       |       |       |     5 |    34 |    37 |    85 ||   161
       Flail             |       |       |       |       |       |       |     3 |     1 |    16 ||    20
